 Dungeon Crawl Stone Soup version 0.24-a0-170-gd8427f5 (webtiles) character file.

Game seed: 18333363761268932632

2225 TheGoonsmith the Spear-Bearer (level 9, -1/62 HPs)
             Began as a Merfolk Gladiator on Mar 10, 2019.
             Was a Follower of Hepliaklqana.
             Slain by a killer bee (8 damage)
             ... on level 6 of the Dungeon.
             The game lasted 00:10:39 (6143 turns).

TheGoonsmith the Spear-Bearer (Merfolk Gladiator)   Turns: 6143, Time: 00:10:39

Health: -1/62      AC:  8    Str: 14    XL:     9   Next: 35%
Magic:  9/9        EV: 18    Int:  8    God:    Hepliaklqana [*.....]
Gold:   260        SH:  6    Dex: 18    Spells: 8/8 levels left

rFire    . . .     SeeInvis .   a - +0 trident
rCold    . . .     Gourm    .   g - +1 buckler {AC+3}
rNeg     . . .     Faith    .   b - +0 leather armour
rPois    .         Spirit   .   c - +1 helmet
rElec    .         Reflect  .   (no cloak)
rCorr    .         Harm     .   (no gloves)
MR       .....                  (no boots)
Stlth    +.........             (no amulet)
HPRegen  0.20/turn              (no ring)
MPRegen  0.11/turn              (no ring)

@: no status effects
A: change form in water, swift swim, stealthy swim, reduced essence
a: Recall Ancestor, Ancestor Identity, Renounce Religion


You were on level 6 of the Dungeon.
You worshipped Hepliaklqana.
Hepliaklqana was aware of your devotion.
You were not hungry.

You visited 2 branches of the dungeon, and saw 8 of its levels.

You collected 346 gold pieces.
You spent 86 gold pieces at shops.

Inventory:

Hand Weapons
 a - a +0 trident (weapon)
 o - a +0 blowgun
Missiles
 d - 4 throwing nets (quivered)
 p - 11 poisoned needles
 q - 2 needles of sleeping
 s - 3 poisoned tomahawks
 t - 2 tomahawks
Armour
 b - a +0 leather armour (worn)
 c - a +1 helmet (worn)
 g - a +1 buckler of protection (worn)
 h - a +1 hat
Jewellery
 z - a +3 ring of evasion {unknown}
Wands
 e - a wand of digging (5)
 n - a wand of scattershot (6)
 y - a wand of random effects (16)
Scrolls
 i - 2 scrolls of immolation
 j - 2 scrolls of teleportation
 m - 4 scrolls of remove curse
 B - a scroll of magic mapping
Potions
 k - 3 potions of curing
 l - 2 potions of heal wounds
 r - a potion of might
 u - a potion of brilliance
 v - 2 potions of degeneration
 x - a potion of berserk rage {unknown}
Comestibles
 f - 13 rations


   Skills:
 - Level 6.1 Fighting
 + Level 11.7 Polearms
 - Level 2.0 Throwing
 + Level 9.2 Dodging
 - Level 4.0 Shields


You had 8 spell levels left.
You didn't know any spells.
Your spell library was empty.

Dungeon Overview and Level Annotations

Branches:
Dungeon (7/15)             Temple (1/1) D:5

Altars:
Ashenzari
Dithmenos
Elyvilon
Fedhas
Gozag
Hepliaklqana
Kikubaaqudgha
Makhleb
Nemelex Xobeh
Okawaru
Ru
Trog
Uskayaw
Vehumet
Wu Jian
Xom
Yredelemnul
Zin
The Shining One

Shops:
D:4 **


Message History

You hit the killer bee.
The killer bee is heavily wounded.
You block the killer bee's attack. x2; The killer bee misses you.
You puncture the killer bee!
The killer bee is almost dead.
The killer bee stings you but does no damage.
The killer bee closely misses you. The killer bee barely misses you.
The killer bee completely misses you. You block the killer bee's attack.
The killer bee barely misses you.
You puncture the killer bee!
You kill the killer bee!
The killer bee completely misses you. x2
The killer bee stings you!
* * * LOW HITPOINT WARNING * * *
You barely miss the killer bee. The killer bee stings you.
* * * LOW HITPOINT WARNING * * *
The killer bee misses you.
You hit the killer bee but do no damage.
The killer bee stings you!
You die...

#.# #......# # #.#
#.#....# # ##.##
#....#.# #
#...##########
#.#.##.####
#.#..........#
#..........
#......#####(#
###.##.####
########.....# #.#
#.##.##
#...........†####.#
#.#.#.##
#.######....yy@...#
#..###.## #.#
##...####..#
#.#####.. #.# #####
#..# #...##.## #.#
########..#
#...#.## #.#
#....)....# #....##
#(# #.######.##
##.#.# #.# #.# #..#
#.#.# ###.# #.#
##.# #.#.# #...#
#.# #.# #.#.###


You could see 2 killer bees.

Vanquished Creatures
  2 hippogriffs
  Menkaure (D:5)
  A sky beast (D:3)
  A phantom (D:4)
  An ice beast (D:5)
  2 ogres
  A centaur (D:6)
  3 bullfrogs (D:6)
  6 killer bees
  2 crimson imps
  A centaur skeleton (D:4)
  A hound (D:4)
  A jelly (D:5)
  4 worker ants
  An orc wizard (D:3)
  A hound skeleton (D:4)
  A worker ant zombie (D:6)
  4 adders
  3 oozes
  An adder skeleton (D:6)
  5 worms
  2 dart slugs (D:1)
  A leopard gecko (D:1)
  14 orcs
  5 giant cockroaches
  6 goblins
  15 hobgoblins
  10 jackals
  8 kobolds
  2 quokkas
  A ball python (D:1)
  9 bats
  5 frilled lizards
  5 rats
126 creatures vanquished.

Vanquished Creatures (collateral kills)
  A centaur (D:5)
  A killer bee (D:7)
  A jelly (D:6)
  A bullfrog skeleton (D:4)
  A worker ant (D:6)
  A quokka (D:4)
  A frilled lizard (D:4)
7 creatures vanquished.

Vanquished Creatures (others)
  An ogre (D:7)
  3 ancestors
4 creatures vanquished.

Grand Total: 137 creatures vanquished

Notes
Turn   | Place    | Note
-------+----------+-------------------------------------------
     0 | D:1      | TheGoonsmith the Merfolk Gladiator began the quest for the
                  | Orb.
     0 | D:1      | Reached XP level 1. HP: 16/16 MP: 1/1
   101 | D:1      | Reached XP level 2. HP: 23/23 MP: 2/2
   146 | D:1      | Reached skill level 5 in Polearms
   165 | D:1      | Reached XP level 3. HP: 19/28 MP: 3/3
  1006 | D:2      | Reached XP level 4. HP: 34/34 MP: 4/4
  1103 | D:2      | Found an opulent altar of Gozag.
  1217 | D:2      | Reached skill level 6 in Polearms
  1288 | D:2      | Reached skill level 1 in Shields
  1295 | D:2      | Reached XP level 5. HP: 25/41 MP: 5/5
  1457 | D:2      | Reached skill level 5 in Dodging
  1821 | D:3      | Noticed a sky beast
  1865 | D:3      | Killed a sky beast
  1865 | D:3      | Reached skill level 7 in Polearms
  1865 | D:3      | Reached XP level 6. HP: 6/48 MP: 6/6
  2850 | D:4      | Found a burning altar of Makhleb.
  2914 | D:4      | Found Jasinir's Assorted Antiques.
  2914 | D:4      | Found Rof Ock's General Store.
  2920 | D:4      | Bought a scroll labeled MATUCV ROCE for 30 gold pieces
  2920 | D:4      | Bought a scroll labeled ZUTZUV DASH for 30 gold pieces
  2922 | D:4      | Bought a scroll of identify for 26 gold pieces
  3015 | D:4      | Found a hazy altar of Hepliaklqana.
  3122 | D:4      | Became a worshipper of Hepliaklqana the Forgotten
  3297 | D:4      | Noticed a phantom
  3330 | D:4      | Killed a phantom
  3330 | D:4      | Reached skill level 8 in Polearms
  3330 | D:4      | Reached XP level 7. HP: 32/48 MP: 7/7
  3559 | D:5      | Entered Level 5 of the Dungeon
  3647 | D:5      | Reached skill level 9 in Polearms
  3876 | D:5      | Noticed Menkaure
  3888 | D:5      | Killed Menkaure
  3888 | D:5      | Reached XP level 8. HP: 34/54 MP: 8/8
  4319 | D:5      | Reached skill level 10 in Polearms
  4404 | D:5      | Found a staircase to the Ecumenical Temple.
  4435 | Temple   | Entered the Ecumenical Temple
  4814 | D:6      | Noticed a hippogriff
  4850 | D:6      | Killed a hippogriff
  4850 | D:6      | Reached skill level 5 in Fighting
  5165 | D:6      | Reached * piety under Hepliaklqana
  5268 | D:6      | Found an iron altar of Okawaru.
  5345 | D:6      | Reached skill level 11 in Polearms
  5345 | D:6      | Reached XP level 9. HP: 54/61 MP: 9/9
  6143 | D:6      | Slain by a killer bee

Levels and vault maps discovered:
D:1:      mushboom_english_gardens, layout_basic, minmay_pentomino_v4
D:2:      layout_basic, nicolae_gozag_cash_rules_everything_around_me
D:3:      layout_basic
D:4:      layout_cave_pools, marbit_many_paths, bloody_makhleb, first_ration,
          serial_shops, shop, shop
D:5:      layout_gridville, temple_doors_ab, minmay_misc_feat_four_crosses,
          uniq_menkaure
D:6:      layout_loops_ring, basic_altar
D:7:      nicolae_whirlpool, layout_basic
Temple:   regret_index_temple_sphere_string

Skill      XL: |  1  2  3  4  5  6  7  8  9 |
---------------+----------------------------+-----
Polearms       | 5 6 7 8 9 11 | 11.7
Fighting       | 3 4 5 6 |  6.1
Shields        | 1 2 3 4 |  4.0
Dodging        | 5 6 8 9 |  9.2
Throwing       | |  2.0

Action                   |  1- 3 |  4- 6 |  7- 9 || total
-------------------------+-------+-------+-------++-------
Melee: Trident           |   125 |   287 |   215 ||   627
  Use: Potion            |       |     2 |     2 ||     4
       Scroll            |       |     9 |     3 ||    12
 Stab: Sleeping          |     3 |     3 |     3 ||     9
       Distracted        |       |     1 |     2 ||     3
  Eat: Chunk             |       |     8 |     7 ||    15
       Ration            |       |       |     1 ||     1
Armor: Leather armour    |    19 |    44 |    38 ||   101
       Skin              |       |    18 |       ||    18
Dodge: Dodged            |    72 |    92 |   181 ||   345
Block: Buckler           |     3 |    28 |    70 ||   101

Table legend:
 A = Non-vault XP
 B = Vault XP
 C = Vault XP percentage of total XP
 D = Non-vault monster count
 E = Vault monster count
 F = Vault count percentage of total count
                 A         B        C        D         E       F
            +---------+---------+-------+---------+---------+-------
      Total |    2995 |     184 |   5.8 |     129 |       5 |   3.7
            +---------+---------+-------+---------+---------+-------
        D:1 |      63 |      12 |  16.0 |      34 |       4 |  10.5
        D:2 |     138 |       0 |   0.0 |      22 |       0 |   0.0
        D:3 |     251 |       0 |   0.0 |      34 |       0 |   0.0
        D:4 |     462 |       0 |   0.0 |      11 |       0 |   0.0
        D:5 |     368 |     172 |  31.9 |       8 |       1 |  11.1
        D:6 |    1018 |       0 |   0.0 |      13 |       0 |   0.0
        D:7 |     695 |       0 |   0.0 |       7 |       0 |   0.0
            +---------+---------+-------+---------+---------+-------
